AoeStats
← Foxiliuth

Arabia

510104862Analyzed
2v2 RM · 2d ago on Sep 29, 2026· 51m 59s· 4 players
Game mode
Random Map
Map size
Medium (4 player)
Population
200
Speed
Normal
Resources
Standard
Victory
Conquest
Starting age
Dark Age
Ending age
Imperial Age
RankedLock teamsTeams togetherTeam positionsShared explorationLock speedFull tech treeHidden civsTurbo modeCheats
Victory
Defeat
982
+14
🇨🇱 Magyars · Chile
955
+14
🇹🇼 Huns · Taiwan
929
-14
🇹🇼 Khmer · Taiwan
928
-14
Autumn
1:41 Loom
10:16 Feudal Age
11:51 Double-Bit Axe
13:48 Horse Collar
21:15 Bloodlines
22:10 Scale Barding Armor
22:42 Forging
27:03 Castle Age
26:03 Gold Mining
27:50 Husbandry
29:11 Iron Casting
29:13 Bow Saw
30:43 Gold Shaft Mining
30:35 Chain Barding Armor
32:03 Wheelbarrow
34:43 Heavy Plow
36:29 Hand Cart
36:17 Stone Mining
42:53 Imperial Age
41:09 Marauders
43:17 Elite Tarkan
45:41 Two-Man Saw
45:33 Conscription
46:40 Blast Furnace
47:22 Fletching
48:08 Plate Barding Armor
47:20 Elite Skirmisher
49:33 Parthian Tactics
49:31 Bodkin Arrow
50:29 Ballistics
chen
8:53 Loom
10:58 Feudal Age
11:30 Double-Bit Axe
25:44 Horse Collar
29:17 Castle Age
35:35 Bloodlines
37:12 Wheelbarrow
38:37 Bow Saw
46:23 Imperial Age
44:12 Heavy Plow
44:53 Husbandry
45:06 Forging
45:02 Scale Barding Armor
46:50 Hand Cart
47:41 Conscription
46:49 Cavalier
48:42 Iron Casting
48:06 Fletching
48:19 Padded Archer Armor
48:21 Gold Mining
49:58 Crop Rotation
52:13 Blast Furnace
51:34 Chain Barding Armor
maximilianogilsandoval
7:07 Loom
9:30 Feudal Age
11:49 Fletching
12:00 Padded Archer Armor
13:41 Double-Bit Axe
13:51 Gold Mining
24:12 Castle Age
24:51 Padded Archer Armor
24:17 Crossbowman
24:55 Bodkin Arrow
29:39 Ballistics
30:44 Leather Archer Armor
31:24 Pikeman
35:44 Wheelbarrow
39:20 Squires
39:36 Forging
39:32 Scale Barding Armor
39:30 Scale Mail Armor
39:48 Stone Mining
40:35 Gold Shaft Mining
41:15 Bow Saw
42:34 Horse Collar
47:51 Imperial Age
46:25 Yeomen
46:11 Murder Holes
45:56 Treadmill Crane
49:32 Chemistry
48:54 Conscription
48:40 Bracer
49:36 Halberdier
50:21 Arbalester
Foxiliuth
7:17 Loom
9:36 Feudal Age
11:36 Bloodlines
15:32 Scale Barding Armor
22:14 Castle Age
20:04 Double-Bit Axe
20:04 Horse Collar
21:29 Gold Mining
24:18 Stone Mining
24:46 Husbandry
24:39 Fletching
25:10 Chain Barding Armor
28:17 Wheelbarrow
28:12 Town Watch
28:50 Heavy Plow
29:25 Bow Saw
29:14 Pikeman
29:42 Arson
31:11 Hand Cart
31:37 Gold Shaft Mining
31:31 Town Patrol
31:44 Murder Holes
32:02 Masonry
33:08 Ballistics
33:59 Thumb Ring
34:12 Bodkin Arrow
34:18 Padded Archer Armor
34:19 Scale Mail Armor
38:03 Imperial Age
36:17 Treadmill Crane
36:47 Corvinian Army
38:34 Heavy Cavalry Archer
39:40 Conscription
41:43 Chemistry
40:49 Siege Engineers
41:30 Halberdier
41:49 Elite Magyar Huszar
44:12 Plate Barding Armor
45:08 Chain Mail Armor
47:22 Hoardings
Connection lost

Rejoining the realm…

Still unreachable

The connection could not be restored.

Session expired

The server has moved on; the page needs a fresh start.